PIO (24 & UNDER)
SASKATOON SMOKIN' GUNS @ SEATTLE RAINIERS
10/04/2025
 
TOP OF THE 1ST
Saskatoon Smokin' Guns batting - Pitching for Seattle Rainiers : RHP Dave Rose
Pitching: RHP Dave Rose
Batting: RHB Kenny Thompson 0-0: Foul Ball, location: 2F
0-1: Ball
1-1: Reached on error, E4 (Groundball, 4)
Batting: SHB Michael Miller 0-0: Swinging Strike
0-1: Ball
1-1: Ball
2-1: Swinging Strike
2-2: Strikes out swinging
Batting: LHB José Liñares 0-0: DOUBLE (Groundball, 3L)
Kenny Thompson to third
Batting: LHB Raúl Casillán 0-0: Foul Ball, location: 2F
0-1: Fly out, F8 (Flyball, 8RD)
Runner from 3rd tags up, SCORES, no throw
José Liñares to third
Batting: LHB Russell Peck 0-0: Called Strike
0-1: Called Strike
0-2: Ball
1-2: Strikes out looking
Top of the 1st over - 1 run(s), 1 hit(s), 1 error(s), 1 left on base; Saskatoon 1 - Seattle 0
BOTTOM OF THE 1ST
Seattle Rainiers batting - Pitching for Saskatoon Smokin' Guns : LHP Macy Catron
Pitching: LHP Macy Catron
Batting: RHB Enrique Mendoza 0-0: Ball
1-0: Fly out, F3 (Popup, 3F)
Batting: RHB Jeremiah Soto 0-0: Called Strike
0-1: Swinging Strike
0-2: Strikes out swinging
Batting: LHB Alan Moore 0-0: Ground out U3 (Groundball, 3)
Bottom of the 1st over - 0 run(s), 0 hit(s), 0 error(s), 0 left on base; Saskatoon 1 - Seattle 0
TOP OF THE 2ND
Saskatoon Smokin' Guns batting - Pitching for Seattle Rainiers : RHP Dave Rose
Batting: RHB Peter Bryant 0-0: Ball
1-0: Called Strike
1-1: Foul Ball, location: 2F
1-2: Foul Ball, location: 2F
1-2: Strikes out swinging
Batting: RHB Ben Fisher 0-0: Ball
1-0: Called Strike
1-1: Ball
2-1: Ball
3-1: Base on Balls
Batting: RHB César Rodríguez 0-0: Fly out, F6 (Line Drive, 56)
Batting: LHB Bo Rush 0-0: Called Strike
0-1: Fly out, F8 (Flyball, 8LM)
Top of the 2nd over - 0 run(s), 0 hit(s), 0 error(s), 1 left on base; Saskatoon 1 - Seattle 0
BOTTOM OF THE 2ND
Seattle Rainiers batting - Pitching for Saskatoon Smokin' Guns : LHP Macy Catron
Batting: RHB Alfredo Farías 0-0: Foul Ball, location: 2F
0-1: Ball
1-1: Called Strike
1-2: Foul Ball, location: 2F
1-2: Ball
2-2: Strikes out swinging
Batting: RHB Bill Dawson 0-0: SINGLE (Groundball, 4MD)
Batting: RHB Roberto Pérez 0-0: Ball
1-0: Ball
2-0: Called Strike
2-1: Foul Ball, location: 2F
2-2: Strikes out swinging
Batting: SHB Nick Cox 0-0: Called Strike
0-1: Foul Ball, location: 2F
0-2: Ball
1-2: Ball
2-2: Ball
3-2: Foul Ball, location: 2F
3-2: Foul Ball, location: 2F
3-2: Base on Balls
Bill Dawson to second
Batting: RHB Tony Hernández 0-0: Called Strike
0-1: Called Strike
0-2: Ball
1-2: Strikes out swinging
Bottom of the 2nd over - 0 run(s), 1 hit(s), 0 error(s), 2 left on base; Saskatoon 1 - Seattle 0
TOP OF THE 3RD
Saskatoon Smokin' Guns batting - Pitching for Seattle Rainiers : RHP Dave Rose
Batting: RHB Kenny Thompson 0-0: SINGLE (Groundball, 4M)
Batting: SHB Michael Miller 0-0: Fly out, F6 (Popup, 6MD)
Batting: LHB José Liñares 0-0: Called Strike
0-1: Fielders Choice at 2nd, 4-6 (Groundball, 4)
Batting: LHB Raúl Casillán 0-0: Called Strike
0-1: Called Strike
0-2: Ball
1-2: Strikes out looking
Top of the 3rd over - 0 run(s), 1 hit(s), 0 error(s), 1 left on base; Saskatoon 1 - Seattle 0
BOTTOM OF THE 3RD
Seattle Rainiers batting - Pitching for Saskatoon Smokin' Guns : LHP Macy Catron
Batting: LHB Miguel García 0-0: Called Strike
0-1: Ground out 4-3 (Groundball, 13)
Batting: RHB Enrique Mendoza 0-0: Foul Ball, location: 2F
0-1: Ball
1-1: Fly out, F4 (Popup, 89S)
Batting: RHB Jeremiah Soto 0-0: Foul Ball, location: 2F
0-1: Foul Ball, location: 2F
0-2: Ball
1-2: Ground out 4-3 (Groundball, 4)
Bottom of the 3rd over - 0 run(s), 0 hit(s), 0 error(s), 0 left on base; Saskatoon 1 - Seattle 0
TOP OF THE 4TH
Saskatoon Smokin' Guns batting - Pitching for Seattle Rainiers : RHP Dave Rose
Batting: LHB Russell Peck 0-0: Fly out, F8 (Flyball, 8LS)
Batting: RHB Peter Bryant 0-0: Called Strike
0-1: Ball
1-1: Foul Ball, location: 2F
1-2: Ball
2-2: Strikes out looking
Batting: RHB Ben Fisher 0-0: Ball
1-0: Foul Ball, location: 2F
1-1: Ball
2-1: Fly out, F8 (Flyball, 8LM)
Top of the 4th over - 0 run(s), 0 hit(s), 0 error(s), 0 left on base; Saskatoon 1 - Seattle 0
BOTTOM OF THE 4TH
Seattle Rainiers batting - Pitching for Saskatoon Smokin' Guns : LHP Macy Catron
Batting: LHB Alan Moore 0-0: Ball
1-0: Fly out, F7 (Flyball, 7M)
Batting: RHB Alfredo Farías 0-0: Ball
1-0: Foul Ball, location: 2F
1-1: Ball
2-1: Ball
3-1: Foul Ball, location: 2F
3-2: SINGLE (Groundball, 6M)
Batting: RHB Bill Dawson 0-0: Foul Ball, location: 2F
0-1: Called Strike
0-2: Strikes out swinging
Batting: RHB Roberto Pérez 0-0: Ball
1-0: Ball
2-0: Foul Ball, location: 2F
2-1: Ball
Alfredo Farías steals 2nd base
3-1: Base on Balls
Batting: SHB Nick Cox 0-0: Ball
1-0: Called Strike
1-1: Foul Ball, location: 2F
1-2: Foul Ball, location: 2F
1-2: Ball
2-2: Strikes out swinging
Bottom of the 4th over - 0 run(s), 1 hit(s), 0 error(s), 2 left on base; Saskatoon 1 - Seattle 0
TOP OF THE 5TH
Saskatoon Smokin' Guns batting - Pitching for Seattle Rainiers : RHP Dave Rose
Batting: RHB César Rodríguez 0-0: Ball
1-0: Called Strike
1-1: Fly out, F9 (Flyball, 9LM)
Batting: LHB Bo Rush 0-0: Ball
1-0: Ball
2-0: Foul Ball, location: 2F
2-1: Ball
3-1: Called Strike
3-2: Ground out 3-1 (Groundball, 3)
Batting: RHB Kenny Thompson 0-0: Ball
1-0: Foul Ball, location: 2F
1-1: Ball
2-1: Foul Ball, location: 2F
2-2: Foul Ball, location: 2F
2-2: Foul Ball, location: 2F
2-2: Foul Ball, location: 2F
2-2: Foul Ball, location: 2F
2-2: Ball
3-2: Strikes out looking
Top of the 5th over - 0 run(s), 0 hit(s), 0 error(s), 0 left on base; Saskatoon 1 - Seattle 0
BOTTOM OF THE 5TH
Seattle Rainiers batting - Pitching for Saskatoon Smokin' Guns : LHP Macy Catron
Batting: RHB Tony Hernández 0-0: Called Strike
0-1: Called Strike
0-2: Ball
1-2: Foul Ball, location: 2F
1-2: Ball
2-2: Ground out 5-3 (Groundball, 56S)
Batting: LHB Miguel García 0-0: Fly out, F8 (Flyball, 8RM)
Batting: RHB Enrique Mendoza 0-0: SOLO HOME RUN (Line Drive, 7D), Distance : 394 ft
Batting: RHB Jeremiah Soto 0-0: Ball
1-0: Foul Ball, location: 2F
1-1: SINGLE (Groundball, 34D)
Batting: LHB Alan Moore 0-0: Ball
1-0: Swinging Strike
1-1: Called Strike
Jeremiah Soto steals 2nd base
1-2: Foul Ball, location: 2F
1-2: SINGLE (Groundball, 6MD)
Jeremiah Soto to third
Runner from 3rd tries for Home, SAFE, no throw or cutoff
Batting: RHB Alfredo Farías 0-0: Swinging Strike
0-1: Ball
1-1: Fly out, F2 (Popup, 25F)
Bottom of the 5th over - 2 run(s), 3 hit(s), 0 error(s), 1 left on base; Saskatoon 1 - Seattle 2
TOP OF THE 6TH
Saskatoon Smokin' Guns batting - Pitching for Seattle Rainiers : RHP Dave Rose
Batting: SHB Michael Miller 0-0: Called Strike
0-1: DOUBLE (Line Drive, 89M)
Batting: LHB José Liñares 0-0: Ball
1-0: Foul Ball, location: 2F
1-1: SINGLE (Groundball, 34D)
Michael Miller to third
Runner from 3rd tries for Home, SAFE, no throw or cutoff
Batting: LHB Raúl Casillán 0-0: Ball
1-0: Ball
2-0: Swinging Strike
2-1: Ball
3-1: Base on Balls
José Liñares to second
Batting: LHB Russell Peck 0-0: Called Strike
0-1: Fielders Choice at 2nd, 6-4 (Groundball, 56)
José Liñares to third
Batting: RHB Peter Bryant 0-0: Fly out, F9 (Flyball, 9M)
Runner from 3rd tags up, SCORES, no throw
Batting: RHB Ben Fisher 0-0: Fly out, F8 (Flyball, 8LXD)
Top of the 6th over - 2 run(s), 2 hit(s), 0 error(s), 1 left on base; Saskatoon 3 - Seattle 2
BOTTOM OF THE 6TH
Seattle Rainiers batting - Pitching for Saskatoon Smokin' Guns : LHP Macy Catron
Batting: RHB Bill Dawson 0-0: Fly out, F8 (Flyball, 8RM)
Batting: RHB Roberto Pérez 0-0: Ball
1-0: Ground out 6-3 (Groundball, 6)
Batting: SHB Nick Cox 0-0: Foul Ball, location: 2F
0-1: Foul Ball, location: 2F
0-2: Foul Ball, location: 2F
0-2: Ball
1-2: Strikes out swinging
Bottom of the 6th over - 0 run(s), 0 hit(s), 0 error(s), 0 left on base; Saskatoon 3 - Seattle 2
TOP OF THE 7TH
Saskatoon Smokin' Guns batting - Pitching for Seattle Rainiers : RHP Dave Rose
Batting: RHB César Rodríguez 0-0: Ball
1-0: Ground out 4-3 (Groundball, 4M)
Batting: LHB Bo Rush 0-0: Ball
1-0: Called Strike
1-1: Called Strike
1-2: Ball
2-2: SINGLE (Line Drive, 4MD)
Pitching: RHP Brandon Sweet
Batting: RHB Kenny Thompson 0-0: Ball
1-0: Swinging Strike
1-1: Ball
2-1: Ball
3-1: Called Strike
3-2: SINGLE (Groundball, 56)
Bo Rush to second
Pinch Hitting: RHB Xavier López 0-0: Called Strike
0-1: Swinging Strike
0-2: Strikes out swinging
Batting: LHB José Liñares 0-0: Called Strike
0-1: Ball
1-1: Foul Ball, location: 2F
1-2: Foul Ball, location: 2F
1-2: Strikes out swinging
Top of the 7th over - 0 run(s), 2 hit(s), 0 error(s), 2 left on base; Saskatoon 3 - Seattle 2
BOTTOM OF THE 7TH
Seattle Rainiers batting - Pitching for Saskatoon Smokin' Guns : LHP Macy Catron
Pitching: LHP Dawson Sutton
Now at SS: Xavier López
Batting: RHB Tony Hernández 0-0: Called Strike
0-1: SINGLE (Flyball, 8RS)
Batting: LHB Miguel García 0-0: Bunted foul
0-1: Sac Bunt - play at first, batter OUT! 5-4
Tony Hernández to second
Batting: RHB Enrique Mendoza 0-0: Called Strike
0-1: Ball
1-1: Ball
2-1: Ball
3-1: Foul Ball, location: 2F
3-2: Foul Ball, location: 2F
3-2: Foul Ball, location: 2F
3-2: Foul Ball, location: 2F
3-2: Base on Balls
Batting: RHB Jeremiah Soto 0-0: Ball
1-0: Called Strike
1-1: Ball
2-1: Foul Ball, location: 2F
2-2: Strikes out swinging
Batting: LHB Alan Moore 0-0: Ball
1-0: Called Strike
1-1: Called Strike
1-2: Ball
2-2: Ball
3-2: Ground out 6-3 (Groundball, 6)
Bottom of the 7th over - 0 run(s), 1 hit(s), 0 error(s), 2 left on base; Saskatoon 3 - Seattle 2
TOP OF THE 8TH
Saskatoon Smokin' Guns batting - Pitching for Seattle Rainiers : RHP Brandon Sweet
Batting: LHB Raúl Casillán 0-0: Ball
1-0: Called Strike
1-1: SINGLE (Groundball, 4M)
Batting: LHB Russell Peck 0-0: Ball
1-0: Swinging Strike
1-1: Ball
2-1: Foul Ball, location: 2F
2-2: Foul Ball, location: 2F
2-2: Foul Ball, location: 2F
2-2: Ball
3-2: Base on Balls
Raúl Casillán to second
Batting: RHB Peter Bryant 0-0: Ball
1-0: Bunted foul
1-1: Sac Bunt - play at first, batter OUT! 2-4
Raúl Casillán to third
Russell Peck to second
Pitching: RHP Domingo García
Batting: RHB Ben Fisher 0-0: Ball
Passed Ball!
Raúl Casillán scores
Russell Peck to third
1-0: Foul Ball, location: 2F
1-1: Swinging Strike
1-2: Strikes out swinging
Batting: RHB César Rodríguez 0-0: Ball
1-0: Swinging Strike
1-1: Ground out 6-3 (Groundball, 6)
Top of the 8th over - 1 run(s), 1 hit(s), 0 error(s), 1 left on base; Saskatoon 4 - Seattle 2
BOTTOM OF THE 8TH
Seattle Rainiers batting - Pitching for Saskatoon Smokin' Guns : LHP Dawson Sutton
Batting: RHB Alfredo Farías 0-0: Foul Ball, location: 2F
0-1: Ball
1-1: Foul Ball, location: 2F
1-2: Ball
2-2: Foul Ball, location: 2F
2-2: Ground out 6-3 (Groundball, 6M)
Batting: RHB Bill Dawson 0-0: Ball
1-0: Swinging Strike
1-1: Ball
2-1: Ground out 6-3 (Groundball, 6)
Pitching: RHP Bernardo García
Batting: RHB Roberto Pérez 0-0: Foul Ball, location: 2F
0-1: Swinging Strike
0-2: Strikes out swinging, 2-3 out at first.
Bottom of the 8th over - 0 run(s), 0 hit(s), 0 error(s), 0 left on base; Saskatoon 4 - Seattle 2
TOP OF THE 9TH
Saskatoon Smokin' Guns batting - Pitching for Seattle Rainiers : RHP Domingo García
Batting: LHB Bo Rush 0-0: SINGLE (Line Drive, 78M)
Batting: RHB Kenny Thompson 0-0: Bunted foul
0-1: Sac Bunt - play at first, batter safe!
Bo Rush to second
Batting: RHB Xavier López 0-0: Swinging Strike
0-1: Sac Bunt - play at first, batter OUT! 1-3
Bo Rush to third
Kenny Thompson to second
Batting: LHB José Liñares 0-0: Ball
1-0: Ground out 5-3 (Groundball, 5D)
Batting: LHB Raúl Casillán 0-0: Ball
1-0: Ball
2-0: Ball
3-0: Called Strike
3-1: Base on Balls
Batting: LHB Russell Peck 0-0: Ball
1-0: Called Strike
1-1: Called Strike
1-2: Ball
2-2: Foul Ball, location: 2F
2-2: DOUBLE (Line Drive, 9LS)
Bo Rush scores
Kenny Thompson scores
Raúl Casillán to third
Runner from 3rd tries for Home, SAFE, no throw or cutoff
Batting: RHB Peter Bryant 0-0: Intentional Walk
Pitching: RHP Lúcio Feliciano
Batting: RHB Ben Fisher 0-0: Called Strike
0-1: Ball
1-1: Foul Ball, location: 2F
1-2: Strikes out swinging
Top of the 9th over - 3 run(s), 3 hit(s), 0 error(s), 2 left on base; Saskatoon 7 - Seattle 2
BOTTOM OF THE 9TH
Seattle Rainiers batting - Pitching for Saskatoon Smokin' Guns : RHP Bernardo García
Now at C: Alvin Hampton
Batting: SHB Nick Cox 0-0: Called Strike
0-1: Called Strike
0-2: Foul Ball, location: 2F
0-2: Ball
1-2: Strikes out swinging
Batting: RHB Tony Hernández 0-0: Foul Ball, location: 2F
0-1: SINGLE (Popup, 4MD)
Batting: LHB Miguel García 0-0: Ball
1-0: Swinging Strike
1-1: Fly out, F8 (Flyball, 8RM)
Batting: RHB Enrique Mendoza 0-0: Called Strike
0-1: Fielders Choice at 2nd, U4 (Groundball, 4M)
Bottom of the 9th over - 0 run(s), 1 hit(s), 0 error(s), 1 left on base; Saskatoon 7 - Seattle 2
This league is powered by Out of the Park Baseball, the baseball management simulation game for PC, Mac and Linux
Tuesday, August 2nd, 2016 - OOTP Baseball 16.8 Build 38